TOP OF THE 1ST |
Great Lakes Loons batting - Pitching for Kane County Cougars : RHP Shane Walker
|
Pitching: RHP Shane Walker
|
|
Batting: RHB Josh Crenwelge
|
0-0: Swinging Strike 0-1: Called Strike 0-2: Ball 1-2: Foul Ball, location: 2F 1-2: Foul Ball, location: 2F 1-2: Ground out 6-3 (Groundball, 6, EV 88.1 MPH)
|
Batting: LHB Robin More
|
0-0: Called Strike 0-1: Ball 1-1: DOUBLE (Groundball, 3L, EV 96.9 MPH)
|
Batting: SHB Nate Kopchak
|
0-0: Ball 1-0: Ball 2-0: DOUBLE (Flyball, 8RXD, EV 86.9 MPH) Robin More scores
|
Batting: LHB Jose Robles
|
0-0: Ground out 5-3 (Groundball, 56, EV 104.4 MPH)
|
Batting: LHB Stephen Van Raalte
|
0-0: Ball 1-0: Called Strike 1-1: Foul Ball, location: 2F 1-2: Strikes out looking
|
Top of the 1st over - 1 run, 2 hits, 0 errors, 1 left on base; Great Lakes 1 - Kane County 0 |
BOTTOM OF THE 1ST |
Kane County Cougars batting - Pitching for Great Lakes Loons : RHP Etsuji Kawasaki
|
Pitching: RHP Etsuji Kawasaki
|
|
Batting: SHB Blaine Peters
|
0-0: Called Strike 0-1: Ball 1-1: Ball 2-1: Ball 3-1: Foul Ball, location: 2F 3-2: SINGLE (Groundball, 13S, EV 72.5 MPH) (infield hit)
|
Batting: RHB D.J. Cooke
|
0-0: Ball 1-0: Fielders Choice at 2nd, 5-4 (Groundball, 56, EV 83.1 MPH)
|
Batting: RHB Chad Mendoza
|
0-0: Ball 1-0: DOUBLE (Line Drive, 7LS, EV 91.2 MPH) D.J. Cooke to third
|
Batting: LHB Koson Hirai
|
0-0: Ball 1-0: Called Strike 1-1: Fly out, F5 (Line Drive, 56, EV 70.6 MPH)
|
Batting: RHB Dustin Legault
|
0-0: Reached on error, E3 (Groundball, 34, EV 89.4 MPH) D.J. Cooke scores Chad Mendoza to third
|
Batting: RHB Josh Burrows
|
0-0: Foul Ball, location: 2F 0-1: Ball 1-1: Foul Ball, location: 2F 1-2: Ground out 4-3 (Groundball, 34, EV 102.5 MPH)
|
Bottom of the 1st over - 1 run, 2 hits, 1 error, 2 left on base; Great Lakes 1 - Kane County 1 |
TOP OF THE 2ND |
Great Lakes Loons batting - Pitching for Kane County Cougars : RHP Shane Walker
|
Batting: SHB Justin Toth
|
0-0: Called Strike 0-1: Called Strike 0-2: Ball 1-2: Strikes out swinging
|
Batting: RHB T.J. Jordan
|
0-0: Called Strike 0-1: Foul Ball, location: 2F 0-2: Ball 1-2: Ball 2-2: Ground out 4-3 (Groundball, 4M, EV 88.1 MPH)
|
Batting: RHB Devon Fourcade
|
0-0: Ball 1-0: Ball 2-0: Called Strike 2-1: Fly out, F9 (Line Drive, 9S, EV 89.4 MPH)
|
Top of the 2nd over - 0 runs, 0 hits, 0 errors, 0 left on base; Great Lakes 1 - Kane County 1 |
BOTTOM OF THE 2ND |
Kane County Cougars batting - Pitching for Great Lakes Loons : RHP Etsuji Kawasaki
|
Batting: RHB Sergio Manzanero
|
0-0: Ball 1-0: Ball 2-0: Foul Ball, location: 2F 2-1: Foul Ball, location: 2F 2-2: Strikes out looking
|
Batting: LHB Jeff Trapp
|
0-0: Foul Ball, location: 2F 0-1: Foul Ball, location: 2F 0-2: Foul Ball, location: 2F 0-2: Strikes out swinging
|
Batting: RHB Gary Hills
|
0-0: Ball 1-0: Called Strike 1-1: Ball 2-1: Fly out, F7 (Flyball, 78M, EV 96.2 MPH)
|
Bottom of the 2nd over - 0 runs, 0 hits, 0 errors, 0 left on base; Great Lakes 1 - Kane County 1 |
TOP OF THE 3RD |
Great Lakes Loons batting - Pitching for Kane County Cougars : RHP Shane Walker
|
Batting: RHB Trevor Conklin
|
0-0: Fly out, F7 (Flyball, 78M, EV 88.8 MPH)
|
Batting: RHB Josh Crenwelge
|
0-0: Called Strike 0-1: Ball 1-1: Ball 2-1: Foul Ball, location: 2F 2-2: Foul Ball, location: 2F 2-2: Ground out 4-3 (Groundball, 4, EV 85.6 MPH)
|
Batting: LHB Robin More
|
0-0: DOUBLE (Flyball, 8RXD, EV 108.1 MPH)
|
Batting: SHB Nate Kopchak
|
0-0: Ball 1-0: Ball 2-0: SINGLE (Groundball, 4MD, EV 108.8 MPH) Robin More to third
|
Batting: LHB Jose Robles
|
0-0: Called Strike 0-1: Foul Ball, location: 2F 0-2: Foul Ball, location: 2F 0-2: Ball 1-2: Ground out 4-3 (Groundball, 4, EV 83.8 MPH)
|
Top of the 3rd over - 0 runs, 2 hits, 0 errors, 2 left on base; Great Lakes 1 - Kane County 1 |
BOTTOM OF THE 3RD |
Kane County Cougars batting - Pitching for Great Lakes Loons : RHP Etsuji Kawasaki
|
Batting: SHB Blaine Peters
|
0-0: Ground out 4-3 (Groundball, 4, EV 88.8 MPH)
|
Batting: RHB D.J. Cooke
|
0-0: Ball 1-0: Ground out U3 (Groundball, 3S, EV 89.4 MPH)
|
Batting: RHB Chad Mendoza
|
0-0: Called Strike 0-1: Swinging Strike 0-2: SINGLE (Groundball, 5D, EV 98.8 MPH)
|
Batting: LHB Koson Hirai
|
0-0: Ball 1-0: Called Strike 1-1: Ball 2-1: SINGLE (Line Drive, 4D, EV 97.5 MPH) Chad Mendoza to second
|
Batting: RHB Dustin Legault
|
0-0: Ball 1-0: Ground out 3-1 (Groundball, 34S, EV 75.6 MPH)
|
Bottom of the 3rd over - 0 runs, 2 hits, 0 errors, 2 left on base; Great Lakes 1 - Kane County 1 |
TOP OF THE 4TH |
Great Lakes Loons batting - Pitching for Kane County Cougars : RHP Shane Walker
|
Batting: LHB Stephen Van Raalte
|
0-0: Ball 1-0: Ground out 6-3 (Groundball, 6MD, EV 110.6 MPH)
|
Batting: SHB Justin Toth
|
0-0: Called Strike 0-1: Called Strike 0-2: Strikes out swinging
|
Batting: RHB T.J. Jordan
|
0-0: Swinging Strike 0-1: Ball 1-1: Ball 2-1: Foul Ball, location: 2F 2-2: Foul Ball, location: 2F 2-2: DOUBLE (Groundball, 5L, EV 108.8 MPH)
|
Batting: RHB Devon Fourcade
|
0-0: Ball 1-0: Foul Ball, location: 2F 1-1: Called Strike 1-2: Foul Ball, location: 2F 1-2: Ball 2-2: Ball 3-2: Foul Ball, location: 2F 3-2: Strikes out swinging
|
Top of the 4th over - 0 runs, 1 hit, 0 errors, 1 left on base; Great Lakes 1 - Kane County 1 |
BOTTOM OF THE 4TH |
Kane County Cougars batting - Pitching for Great Lakes Loons : RHP Etsuji Kawasaki
|
Batting: RHB Josh Burrows
|
0-0: Ball 1-0: Called Strike 1-1: Ball 2-1: Ball 3-1: Base on Balls
|
Batting: RHB Sergio Manzanero
|
0-0: Reached on error, E5 (Groundball, 5, EV 103.1 MPH) Josh Burrows to second
|
Batting: LHB Jeff Trapp
|
0-0: Called Strike 0-1: Ball 1-1: Foul Ball, location: 2F 1-2: Fly out, F7 (Flyball, 7LS, EV 85.6 MPH)
|
Batting: RHB Gary Hills
|
0-0: Fielders Choice at 2nd, 6-4 (Groundball, 6, EV 91.9 MPH) Josh Burrows to third
|
Batting: SHB Blaine Peters
|
0-0: Foul Ball, location: 2F 0-1: SINGLE (Line Drive, 4D, EV 108.8 MPH) Josh Burrows scores Gary Hills to second
|
Batting: RHB D.J. Cooke
|
0-0: Ball 1-0: Called Strike 1-1: Called Strike 1-2: Ball 2-2: Ball 3-2: Strikes out looking
|
Bottom of the 4th over - 1 run, 1 hit, 1 error, 2 left on base; Great Lakes 1 - Kane County 2 |
TOP OF THE 5TH |
Great Lakes Loons batting - Pitching for Kane County Cougars : RHP Shane Walker
|
Batting: RHB Trevor Conklin
|
0-0: Ball 1-0: Ball 2-0: Ground out 4-3 (Groundball, 4M, EV 85.6 MPH)
|
Batting: RHB Josh Crenwelge
|
0-0: Ground out 6-3 (Groundball, 6, EV 100.0 MPH)
|
Batting: LHB Robin More
|
0-0: Ball 1-0: Ball 2-0: Called Strike 2-1: Swinging Strike 2-2: Ground out 6-3 (Groundball, 6, EV 86.2 MPH)
|
Top of the 5th over - 0 runs, 0 hits, 0 errors, 0 left on base; Great Lakes 1 - Kane County 2 |
BOTTOM OF THE 5TH |
Kane County Cougars batting - Pitching for Great Lakes Loons : RHP Etsuji Kawasaki
|
Batting: RHB Chad Mendoza
|
0-0: Ground out 5-3 (Groundball, 56, EV 84.4 MPH)
|
Batting: LHB Koson Hirai
|
0-0: Foul Ball, location: 2F 0-1: Ball 1-1: Called Strike 1-2: Strikes out swinging
|
Batting: RHB Dustin Legault
|
0-0: Called Strike 0-1: Called Strike 0-2: Foul Ball, location: 2F 0-2: Strikes out swinging
|
Bottom of the 5th over - 0 runs, 0 hits, 0 errors, 0 left on base; Great Lakes 1 - Kane County 2 |
TOP OF THE 6TH |
Great Lakes Loons batting - Pitching for Kane County Cougars : RHP Shane Walker
|
Batting: SHB Nate Kopchak
|
0-0: Ball 1-0: Swinging Strike 1-1: Called Strike 1-2: Ball 2-2: Foul Ball, location: 2F 2-2: Strikes out looking
|
Batting: LHB Jose Robles
|
0-0: Called Strike 0-1: Foul Ball, location: 2F 0-2: Ball 1-2: Foul Ball, location: 2F 1-2: Foul Ball, location: 2F 1-2: SINGLE (Groundball, 34D, EV 95.6 MPH)
|
Batting: LHB Stephen Van Raalte
|
0-0: Ball 1-0: Ball 2-0: Foul Ball, location: 2F 2-1: SINGLE (Line Drive, 89S, EV 108.8 MPH) Jose Robles to second
|
Pinch Runner at 2nd Daniel Samano:
|
|
Batting: SHB Justin Toth
|
0-0: Swinging Strike 0-1: Foul Ball, location: 2F 0-2: Strikes out swinging
|
Batting: RHB T.J. Jordan
|
0-0: Ball 1-0: Called Strike 1-1: Called Strike 1-2: Ball 2-2: Fielders Choice at 2nd, 6-4 (Groundball, 6MD, EV 85.6 MPH)
|
Top of the 6th over - 0 runs, 2 hits, 0 errors, 2 left on base; Great Lakes 1 - Kane County 2 |
BOTTOM OF THE 6TH |
Kane County Cougars batting - Pitching for Great Lakes Loons : RHP Etsuji Kawasaki
|
Now at 1B: Steve Clark
|
|
Batting: RHB Josh Burrows
|
0-0: Called Strike 0-1: Swinging Strike 0-2: Ball 1-2: Fly out, F9 (Flyball, 89M, EV 90.6 MPH)
|
Batting: RHB Sergio Manzanero
|
0-0: Fly out, F9 (Flyball, 89M, EV 92.5 MPH)
|
Batting: LHB Jeff Trapp
|
0-0: Ball 1-0: Fly out, F9 (Flyball, 9D, EV 96.2 MPH)
|
Bottom of the 6th over - 0 runs, 0 hits, 0 errors, 0 left on base; Great Lakes 1 - Kane County 2 |
TOP OF THE 7TH |
Great Lakes Loons batting - Pitching for Kane County Cougars : RHP Shane Walker
|
Pitching: RHP Alan Muth
|
|
Batting: RHB Devon Fourcade
|
0-0: Called Strike 0-1: Ball 1-1: Ball 2-1: Swinging Strike 2-2: Ball 3-2: Base on Balls
|
Pinch Hitting: SHB Xavier Alaniz
|
0-0: Swinging Strike 0-1: Foul Ball, location: 2F 0-2: Ball 1-2: Foul Ball, location: 2F 1-2: Fly out, F9 (Flyball, 9LM, EV 90.0 MPH)
|
Batting: RHB Josh Crenwelge
|
0-0: Fielders Choice at 2nd, 6-4 (Groundball, 6, EV 80.0 MPH)
|
Batting: LHB Robin More
|
0-0: Called Strike Josh Crenwelge steals 2nd base 0-1: Called Strike 0-2: SINGLE (Line Drive, 9S, EV 97.5 MPH) Josh Crenwelge to third Runner from 3rd tries for Home, SAFE, throw by RF to home Robin More to second
|
Batting: SHB Nate Kopchak
|
0-0: Ball 1-0: Ball 2-0: Called Strike 2-1: Foul Ball, location: 2F 2-2: Strikes out looking
|
Top of the 7th over - 1 run, 1 hit, 0 errors, 1 left on base; Great Lakes 2 - Kane County 2 |
BOTTOM OF THE 7TH |
Kane County Cougars batting - Pitching for Great Lakes Loons : RHP Etsuji Kawasaki
|
Now at SS: Chris Raymond
|
|
Batting: RHB Gary Hills
|
0-0: Ball 1-0: Ball 2-0: Foul Ball, location: 2F 2-1: Ground out 4-3 (Groundball, 4, EV 88.8 MPH)
|
Batting: SHB Blaine Peters
|
0-0: Called Strike 0-1: Ball 1-1: Ground out 4-3 (Groundball, 4, EV 91.9 MPH)
|
Batting: RHB D.J. Cooke
|
0-0: Swinging Strike 0-1: Ball 1-1: Ball 2-1: Called Strike 2-2: Ball 3-2: SINGLE (Line Drive, 8LS, EV 89.4 MPH)
|
Batting: RHB Chad Mendoza
|
0-0: Called Strike 0-1: Foul Ball, location: 2F 0-2: Ball 1-2: SINGLE (Groundball, 56D, EV 97.5 MPH) D.J. Cooke to second
|
Batting: LHB Koson Hirai
|
0-0: Fielders Choice at 2nd, 6-4 (Groundball, 6, EV 80.0 MPH)
|
Bottom of the 7th over - 0 runs, 2 hits, 0 errors, 2 left on base; Great Lakes 2 - Kane County 2 |
TOP OF THE 8TH |
Great Lakes Loons batting - Pitching for Kane County Cougars : RHP Alan Muth
|
Pitching: LHP Heath Henderson
|
|
Batting: RHB Steve Clark
|
0-0: Ball 1-0: Ball 2-0: Called Strike 2-1: Ground out 6-3 (Groundball, P, EV 83.1 MPH)
|
Batting: LHB Stephen Van Raalte
|
0-0: Ball 1-0: Called Strike 1-1: Foul Ball, location: 2F 1-2: Strikes out looking
|
Batting: SHB Justin Toth
|
0-0: Ball 1-0: Called Strike 1-1: Swinging Strike 1-2: Ball 2-2: Ball 3-2: Base on Balls
|
Batting: RHB T.J. Jordan
|
0-0: Called Strike 0-1: Ball 1-1: Called Strike 1-2: Ball 2-2: Strikes out swinging
|
Top of the 8th over - 0 runs, 0 hits, 0 errors, 1 left on base; Great Lakes 2 - Kane County 2 |
BOTTOM OF THE 8TH |
Kane County Cougars batting - Pitching for Great Lakes Loons : RHP Etsuji Kawasaki
|
Batting: RHB Dustin Legault
|
0-0: Ball 1-0: Swinging Strike 1-1: Swinging Strike 1-2: Ball 2-2: Strikes out swinging
|
Batting: RHB Josh Burrows
|
0-0: Called Strike 0-1: Ball 1-1: Ball 2-1: Foul Ball, location: 2F 2-2: Strikes out swinging
|
Batting: RHB Sergio Manzanero
|
0-0: Called Strike 0-1: Swinging Strike 0-2: Foul Ball, location: 2F 0-2: Ball 1-2: Ball 2-2: Ball 3-2: Foul Ball, location: 2F 3-2: Foul Ball, location: 2F 3-2: Foul Ball, location: 2F 3-2: Base on Balls
|
Pitching: RHP Isidro Aguirre
|
|
Batting: LHB Jeff Trapp
|
0-0: Called Strike 0-1: SINGLE (Groundball, 56S, EV 67.5 MPH) (infield hit) Sergio Manzanero to second
|
Pinch Hitting: LHB Enrique Ponce
|
0-0: 3-RUN HOME RUN (Flyball, 7D, EV 97.5 MPH), Distance : 378 ft
|
Batting: SHB Blaine Peters
|
0-0: Ball 1-0: Called Strike 1-1: Ball 2-1: Foul Ball, location: 2F 2-2: Foul Ball, location: 2F 2-2: Strikes out swinging
|
Bottom of the 8th over - 3 runs, 2 hits, 0 errors, 0 left on base; Great Lakes 2 - Kane County 5 |
TOP OF THE 9TH |
Great Lakes Loons batting - Pitching for Kane County Cougars : LHP Heath Henderson
|
Pitching: RHP Edwin Martinez
|
|
Now at 2B: Ernesto Zamora
|
|
Now at 3B: Josh Burrows
|
|
Now at SS: Sergio Manzanero
|
|
Batting: RHB Devon Fourcade
|
0-0: Foul Ball, location: 2F 0-1: Swinging Strike 0-2: Strikes out swinging
|
Batting: LHB Chris Raymond
|
0-0: Called Strike 0-1: Ball 1-1: Called Strike 1-2: Strikes out swinging
|
Batting: RHB Josh Crenwelge
|
0-0: Foul Ball, location: 2F 0-1: Called Strike 0-2: Foul Ball, location: 2F 0-2: SINGLE (Line Drive, 89S, EV 93.1 MPH)
|
Batting: LHB Robin More
|
0-0: Called Strike 0-1: Called Strike 0-2: Ball 1-2: Strikes out looking
|
Top of the 9th over - 0 runs, 1 hit, 0 errors, 1 left on base; Great Lakes 2 - Kane County 5 |
|